 Dungeon Crawl Stone Soup version 0.15.2 (webtiles) character file.

207 Minion the Soul Tainter (level 5, 0/38 HPs)
             Began as a Demonspawn Death Knight on Oct 14, 2016.
             Was a Priest of Yredelemnul.
             Succumbed to a worker ant's poison
             ... on Level 4 of the Dungeon.
             The game lasted 00:14:42 (3728 turns).

Minion the Soul Tainter (Demonspawn Death Knight)   Turns: 3728, Time: 00:14:42

HP   0/38        AC 10     Str 17 (20) XL: 5   Next: 54%
MP  10/10        EV  8     Int 12      God: Yredelemnul [***...]
Gold 151         SH  0     Dex 12      Spells:  0 memorised,  4 levels left

rFire  . . .     SeeInvis .     a - +1 hand axe
rCold  . . .     Clarity  .     u - +0 scale mail
rNeg   . . .     rCorr    .     (no shield)
rPois  .         rRot     +     m - +0 helmet
rElec  .         Spirit   .     w - +1 cloak {+Inv}
SustAb .         Warding  .     j - +0 pair of gloves
rMut   .         Stasis   .     (no boots)
Gourm  .                        (no amulet)
MR     .....                    (no ring)
                                (no ring)

@: mighty, lethally poisoned, not resistant to hostile enchantments, extremely
unstealthy
A: blink 1, powered by pain 1, rot immunity
a: Blink, Animate Dead, Recall Undead Slaves, Injury Mirror, Renounce Religion,
Evoke Invisibility


You were on level 4 of the Dungeon.
You worshipped Yredelemnul.
Yredelemnul was most pleased with you.
You were not hungry.

You visited 1 branch of the dungeon, and saw 4 of its levels.

You collected 151 gold pieces.

Inventory:

Hand weapons
 a - a +1 hand axe (weapon)
Armour
 j - a +0 pair of gloves (worn)
 m - a +0 helmet (worn)
 u - a +0 scale mail (worn)
 w - a +1 cloak of darkness (worn)
Magical devices
 b - a wand of paralysis (12) {unknown}
Comestibles
 c - 2 bread rations
 f - 5 fruits
 g - 2 meat rations
 t - a beef jerky
Scrolls
 d - a scroll of noise {unknown}
 e - a scroll of random uselessness {unknown}
 h - a scroll of enchant weapon {unknown}
 i - 2 scrolls of magic mapping {unknown}
 l - 3 scrolls of remove curse
 o - a scroll of blinking {unknown}
 p - a scroll of fog {unknown}
 q - 2 scrolls of identify {unknown}
 s - a scroll of fear {unknown}
Potions
 k - a potion of degeneration
Books
 v - a book of Beasts

   Spells                             Type                      Level
   Summon Butterflies                 Summoning                    1
   Call Canine Familiar               Summoning                    3
   Summon Ice Beast                   Ice/Summoning                4
   Summon Mana Viper                  Hexes/Summoning              5
   Monstrous Menagerie                Summoning                    6
   Summon Hydra                       Summoning                    7


   Skills:
 - Level 2.1 Fighting
 * Level 4.2 Axes
 - Level 1.1 Armour
 - Level 1.3 Dodging
 + Level 5.3 Invocations


You had 4 spell levels left.
You didn't know any spells.

Dungeon Overview and Level Annotations

Branches:
Dungeon (4/15)
 Temple: D:4-7

Altars:


Innate Abilities, Weirdness & Mutations

You sometimes gain a little power by taking damage.
You are immune to rotting.
You can translocate small distances at will.


Message History

It was a scroll of remove curse.
* * * LOW HITPOINT WARNING * * *
You feel sick.
A giant mite comes into view.
* * * LOW HITPOINT WARNING * * *
You feel sick.
A hobgoblin comes into view.
* * * LOW HITPOINT WARNING * * *
You feel sick.
Found a robe.
* * * LOW HITPOINT WARNING * * *
You feel sick. The giant mite barely misses you.
* * * LOW HITPOINT WARNING * * *
You feel sick.
* * * LOW HITPOINT WARNING * * *
You feel sick.
* * * LOW HITPOINT WARNING * * *
You feel sick.
You die...
Your body rises from the dead as a mindless zombie.

.### #.#.. #.#.### #.#...
#.#..###########
#.....@.<......#
#..s#.##.#####.#
#.g.#.##%#.###
#...#.#..%...#
#########...#....#.#.....
............#....#.# .#
..[.........#.#..# #
...........#.#..#
...........#.#..#


You could see a giant mite.

Vanquished Creatures
  Crazy Yiuf (D:3)
  A worker ant (D:4)
  3 adders
  3 giant mites (D:3)
  2 worms
  An adder skeleton (D:4)
  3 giant geckos
  4 orcs (D:3)
  2 ball pythons
  11 bats
  5 giant cockroaches
  8 hobgoblins
  2 jackals (D:3)
  8 kobolds
  7 giant newts
  12 goblins
  10 rats
83 creatures vanquished.

Vanquished Creatures (collateral kills)
  A worm (D:3)
  An orc (D:3)
  A bat (D:3)
  A kobold (D:2)
4 creatures vanquished.

Vanquished Creatures (others)
  A bat zombie (D:3)
  A giant newt zombie (D:3)
  A jackal zombie (D:3)
  A kobold zombie (D:3)
4 creatures vanquished.

Grand Total: 91 creatures vanquished

Notes
Turn   | Place    | Note
--------------------------------------------------------------
     0 | D:1      | Minion, the Demonspawn Death Knight, began the quest for the Orb.
     0 | D:1      | Reached XP level 1. HP: 16/16 MP: 2/2
    30 | D:1      | Reached skill level 1 in Dodging
   165 | D:1      | Reached skill level 1 in Armour
   358 | D:1      | Gained mutation: You sometimes gain a little power by taking damage. [demonic ancestry]
   358 | D:1      | Reached XP level 2. HP: 6/22 MP: 4/4
  1037 | D:1      | Reached skill level 4 in Invocations
  1329 | D:2      | Gained mutation: You are immune to rotting. [demonic ancestry]
  1329 | D:2      | Reached XP level 3. HP: 27/27 MP: 5/5
  1345 | D:2      | Acquired Yredelemnul's second power
  2203 | D:3      | Reached XP level 4. HP: 33/33 MP: 4/7
  2840 | D:3      | Acquired Yredelemnul's third power
  3257 | D:3      | Noticed Crazy Yiuf
  3270 | D:3      | Killed Crazy Yiuf
  3270 | D:3      | Reached skill level 5 in Invocations
  3270 | D:3      | Reached XP level 5. HP: 10/38 MP: 9/9
  3717 | D:4      | Gained mutation: You can translocate small distances at will. [potion of beneficial mutation]
  3724 | D:4      | HP: 1/38 [poisoned by a worker ant]
  3728 | D:4      | Succumbed to a worker ant's poison

Action                   |  1- 3 |  4- 6 || total
-------------------------+-------+-------++-------
Melee: Hand axe          |   150 |   148 ||   298
Invok: Recall Undead Sla |     6 |       ||     6
       Animate Remains   |     3 |     5 ||     8
       Animate Dead      |       |     3 ||     3
  Use: Potion            |     1 |     3 ||     4
       Scroll            |       |     1 ||     1
 Stab: Distracted        |       |     1 ||     1
       Invisible         |       |     1 ||     1
  Eat: Chunk             |     2 |       ||     2
       Bread ration      |     1 |     1 ||     2
